 Dungeon Crawl Stone Soup version 0.31-a0-200-gbc41564c69 (webtiles) character file.

Game seed: 6260076140392263980

155 qw the Skirmisher (level 5, -6/29 HPs)
             Began as a Deep Elf Hunter on June 25, 2023.
             Mangled by a gnoll
             ... wielding a +0 spear
              (8 damage)
             ... on level 4 of the Dungeon.
             The game lasted 00:00:43 (1614 turns).

qw the Skirmisher (Deep Elf Hunter)                 Turns: 1614, Time: 00:00:44

Health: -6/29      AC: 11    Str: 10    XL:     5   Next: 14%
Magic:  7/7        EV: 11    Int: 14    God:
Gold:   124        SH:  0    Dex: 18    Spells: 4/4 levels left

rFire   . . .        Y - +0 shortbow
rCold   . . .        (shield currently unavailable)
rNeg    . . .        i - +0 ring mail
rPois   .            (no helmet)
rElec   .            (no cloak)
rCorr   .            g - +1 pair of gloves
SInv    .            (no boots)
Will    .....        (no amulet)
Stlth   +            a - +4 ring of protection
HPRegen 0.24/turn    (no ring)
MPRegen 0.10/turn

%: no passive effects
@: no status effects
A: no striking features
a: no special abilities


You were on level 4 of the Dungeon.
You visited 1 branch of the dungeon, and saw 4 of its levels.

You collected 124 gold pieces.


   Skills:
 - Level 1.5 Fighting
 + Level 8.6 Ranged Weapons
 - Level 2.4 Dodging
 - Level 1.2 Stealth


You had 4 spell levels left.
You didn't know any spells.
Your spell library was empty.

Inventory:

Hand Weapons
 Y - a +0 shortbow (weapon)
Armour
 g - a +1 pair of gloves (worn)
 i - a +0 ring mail (worn)
Jewellery
 a - a +4 ring of protection (left hand)
Potions
 b - a potion of might {unknown}
 c - a potion of berserk rage {unknown}
 d - a potion of degeneration {unknown}

Dungeon Overview and Level Annotations

Branches:
Dungeon (4/15)
 Temple: D:4-7

Altars:
Nemelex Xobeh

Annotations:
D:3 2 transporters, qw's ghost, weakling DEHu


Message History

The adder poisons you!
You shoot an arrow. The arrow hits the adder.
You kill the adder!
You feel sick. Something hits you but does no damage.
You have reached level 5!
You shoot an arrow. The arrow barely misses the orc.
The arrow barely misses the ball python.
The arrow hits the hound.
The hound is lightly wounded.
You feel sick. The orc hits you but does no damage. Something hits you.
You shoot an arrow. The arrow hits the orc.
You kill the orc!
You feel sick. The adder bites you but does no damage.
Something hits you but does no damage. The adder closely misses you.
You shoot an arrow. The arrow hits the adder!
The adder is severely wounded.
You feel sick.
The ball python bites you but does no damage.
The ball python misses you. The adder bites you but does no damage.
Something hits you but does no damage.
You shoot an arrow. The arrow barely misses the adder.
You feel sick. The ball python barely misses you. The ball python grabs you.
The ball python constricts you. The adder barely misses you.
Something hits you.
The ball python bites you but does no damage.
The ball python constricts you. The adder barely misses you.
You shoot an arrow. The arrow hits the ball python.
You kill the ball python!
You feel sick.
You are no longer poisoned.
The orc closely misses you. Something hits you but does no damage.
The adder barely misses you.
You shoot an arrow. The arrow hits the adder!
You kill the adder!
The hound bites you but does no damage. Something hits you but does no damage.
The orc misses you. The hound bites you but does no damage.
You shoot an arrow. The arrow hits the hound!
The hound is heavily wounded.
The hound barely misses you. Something hits you.
The gnoll hits you from afar with a +0 spear!
You die...

#..##..##.)o
#.......#'#
#.........#
#...)..o.##
#..#####o#
#..#####.#
#....#..g## .
#....#.%ho####..
#....'..@......#
#....#......####
#....#......# .##
#....##....#####..
#######....##....#
...........#....#
...........#....+
...........#....##
##+###.....#.....#


You could see a hound, a gnoll and 3 orcs.

Vanquished Creatures
  A phantom (D:4)
  2 adders (D:4)
  A worm (D:2)
  8 orcs
  3 endoplasms
  A giant cockroach (D:1)
  7 hobgoblins
  3 jackals (D:2)
  4 kobolds
  5 ball pythons
  3 bats
  A frilled lizard (D:3)
  10 goblins
  3 rats
52 creatures vanquished.

Notes
Turn   | Place    | Note
-------+----------+-------------------------------------------
     0 | D:1      | qw the Deep Elf Hunter began the quest for the Orb.
     0 | D:1      | Reached XP level 1. HP: 12/12 MP: 3/3
     0 | D:1      | 0 ||| qw: Version: 0.3-a-22-g0ed2b0b
     0 | D:1      | 0 ||| qw: Game counter: 5553
     0 | D:1      | 0 ||| qw: Melee chars always use a shield: true
     0 | D:1      | 0 ||| qw: God list: Okawaru
     0 | D:1      | 0 ||| qw: Allow faded altars: false
     0 | D:1      | 0 ||| qw: Do Orc after clearing Dungeon:15 true
     0 | D:1      | 0 ||| qw: Do second Lair branch before Depths: true
     0 | D:1      | 0 ||| qw: Lair rune preference: random
     0 | D:1      | 0 ||| qw: Goals: Normal
     0 | D:1      | 0 ||| PLANNING D:1-11
    96 | D:1      | Reached skill level 6 in Ranged Weapons
    96 | D:1      | Reached XP level 2. HP: 16/16 MP: 4/4
   368 | D:1      | 368 ||| UPGRADING to +0 pair of gloves.
   373 | D:1      | 373 ||| UPGRADING to +0 scale mail.
   383 | D:1      | 383 ||| DROPPING +0 leather armour.
   384 | D:1      | 384 ||| UPGRADING to +0 ring mail.
   394 | D:1      | 394 ||| DROPPING +0 scale mail.
   395 | D:1      | 395 ||| READING scroll labelled MIAQUR ICKIWK.
   396 | D:1      | 396 ||| READING scroll labelled GUYKLY BEFUI.
   397 | D:1      | 397 ||| READING scroll labelled YBUIS DYOMPAL.
   398 | D:1      | 398 ||| DROPPING scroll of butterflies.
   594 | D:2      | Reached XP level 3. HP: 20/20 MP: 5/5
   749 | D:2      | 749 ||| READING scroll of enchant armour.
   749 | D:2      | 749 ||| ENCHANTING +0 pair of gloves.
   886 | D:2      | 886 ||| UPGRADING to +4 ring of protection.
   887 | D:2      | 887 ||| READING scroll labelled LORPHIO OGEEDU.
   900 | D:3      | Found a transporter.
   904 | D:3      | Noticed qw's ghost (weakling DEHu)
   933 | D:3      | Reached skill level 7 in Ranged Weapons
  1081 | D:3      | Found a sparkling altar of Nemelex Xobeh.
  1300 | D:3      | Found a faded altar of an unknown god.
  1382 | D:3      | Found a transporter.
  1466 | D:3      | 1466 ||| READING scroll labelled XETIQA NEVVATA.
  1589 | D:4      | Noticed a phantom
  1599 | D:4      | Killed a phantom
  1600 | D:4      | Reached skill level 8 in Ranged Weapons
  1600 | D:4      | Reached XP level 4. HP: 21/25 MP: 6/6
  1608 | D:4      | Reached XP level 5. HP: 15/29 MP: 7/7
  1611 | D:4      | HP: 5/29 [something (3)]
  1614 | D:4      | HP: 2/29 [something (3)]
  1614 | D:4      | Mangled by a gnoll

Levels and vault maps discovered:
D:1:      zaba_arrival_water, layout_rooms, kennysheep_pointless_box
D:2:      layout_basic
D:3:      layout_loops_cross, nemelex_spade_bored_becter,
          gammafunk_ghost_stat_death, chequers_ecumenical_altar_simple_redux
D:4:      layout_gridville, mainiacjoe_overflow_24_doors,
          mainiacjoe_overflow_alcove_1, nicolae_uskayaw_dance_hall,
          temple_pool_b, minivault_26, minmay_joined_circles

Skill      XL: |  1  2  3 |
---------------+----------+-----
Ranged Weapons | 6 8 |  8.6
Fighting       | |  1.5
Dodging        | |  2.4
Stealth        | |  1.2

Action                     |  1- 3 |  4- 6 || total
---------------------------+-------+-------++-------
   Fire: Shortbow          |   146 |    15 ||   161
    Use: Scroll            |     6 |       ||     6
 Armour: Ring mail         |    22 |    13 ||    35
  Dodge: Dodged            |    25 |    12 ||    37

Table legend:
 A = Non-vault XP
 B = Vault XP
 C = Vault XP percentage of total XP
 D = Non-vault monster count
 E = Vault monster count
 F = Vault count percentage of total count
                 A         B        C        D         E       F
            +---------+---------+-------+---------+---------+-------
      Total |      91 |     131 |  59.0 |      47 |       5 |   9.6
            +---------+---------+-------+---------+---------+-------
        D:1 |      32 |       0 |   0.0 |      18 |       0 |   0.0
        D:2 |      26 |       0 |   0.0 |      14 |       0 |   0.0
        D:3 |      20 |       0 |   0.0 |      10 |       0 |   0.0
        D:4 |      13 |     131 |  91.0 |       5 |       5 |  50.0
            +---------+---------+-------+---------+---------+-------
